 Dungeon Crawl Stone Soup version 0.30-a0-578-gdee14c521f (webtiles) character file.

Game seed: 10412162289356856

2947 Farfigtubin the Destroyer (level 9, -7/68 HPs)
             Began as a Green Draconian Conjurer on Dec 31, 2022.
             Was a Follower of Nemelex Xobeh.
             Mangled by sirJeffrey23's ghost (11 damage)
             ... on level 5 of the Dungeon on Jan 1, 2023.
             The game lasted 01:00:50 (7127 turns).

Farfigtubin the Destroyer (DrCj)                    Turns: 7127, Time: 01:00:51

Health: -7/68      AC:  8    Str: 10    XL:     9   Next: 51%
Magic:  29/29      EV: 13    Int: 28    God:    Nemelex Xobeh [*.....]
Gold:   293        SH:  0    Dex: 10    Spells: 14/23 levels left

rFire   . . .      SeeInvis .    m - +2 short sword (elec)
rCold   . . .      Faith    .    (no shield)
rNeg    . . .      Spirit   .    (body armour unavailable)
rPois   +          Reflect  .    (helmet restricted)
rElec   .          Harm     .    J - +0 cloak
rCorr   .          Rampage  .    (no gloves)
Will    .....                    (no boots)
Stlth   ++                       (no amulet)
HPRegen 0.31/turn                p - ring of magical power
MPRegen 0.21/turn                v - +6 ring of intelligence

@: no status effects
A: breathe noxious fumes, AC +7, unfitting armour, poison resistance,
cold-blooded
a: Breathe Noxious Fumes, Renounce Religion, Draw Escape, Draw Destruction, Draw
Summoning


You were on level 5 of the Dungeon.
You worshipped Nemelex Xobeh.
Nemelex Xobeh was aware of your devotion.
You visited 2 branches of the dungeon, and saw 7 of its levels.

You collected 293 gold pieces.

Inventory:

Hand Weapons
 c - a +1 dagger of draining
 m - a +2 short sword of electrocution (weapon)
 I - a +4 quarterstaff of chaos
Armour
 J - a +0 cloak (worn)
Magical Staves
 C - a staff of death
Jewellery
 p - a ring of magical power (left hand)
 q - a ring of willpower
 v - a +6 ring of intelligence (right hand)
 L - a ring of see invisible
Wands
 r - a wand of flame (6)
 E - a wand of digging (5)
 H - a wand of mindburst (10)
Scrolls
 d - 2 scrolls of immolation {unknown}
 f - 2 scrolls of brand weapon {unknown}
 j - a scroll of amnesia {unknown}
 l - a scroll of enchant weapon {unknown}
 n - 6 scrolls of identify {unknown}
 w - 2 scrolls of enchant armour {unknown}
 x - a scroll of poison {unknown}
 A - a scroll of blinking {unknown}
 B - 2 scrolls of noise {unknown}
 D - 3 scrolls of magic mapping {unknown}
 F - a scroll of fog {unknown}
 G - a scroll of fear {unknown}
 K - a scroll of teleportation {unknown}
 M - a scroll of silence {unknown}
Potions
 a - a potion of magic
 b - a potion of heal wounds {unknown}
 e - 2 potions of ambrosia {unknown}
 g - 3 potions of haste {unknown}
 h - a potion of berserk rage {unknown}
 i - 2 potions of might {unknown}
 k - a potion of attraction {unknown}
 o - a potion of lignification {unknown}
 s - 4 potions of brilliance {unknown}
 t - a potion of resistance {unknown}
 u - a potion of curing {unknown}
 z - a potion of mutation {unknown}
Miscellaneous
 y - a phantom mirror (inert)


   Skills:
 + Level 2.6 Fighting
 + Level 4.6 Dodging
 + Level 3.5 Stealth
 + Level 7.5 Spellcasting
 + Level 8.8 Conjurations
 + Level 1.7 Hexes
 + Level 2.4 Translocations


You had 14 spell levels left.
You knew the following spells:

 Your Spells              Type           Power      Damage    Failure   Level
a - Magic Dart            Conj           100%       1d8       1%          1
b - Searing Ray           Conj           100%       2d8       1%          2
c - Blink                 Tloc           46%        N/A       3%          2
d - Fulminant Prism       Conj/Hex       20%        3d12      6%          4

Your spell library contained the following spells:

 Spells                   Type           Power      Damage    Failure   Level
 Dazzling Flash           Conj/Hex       80%        N/A       1%          3
 Iskenderun's Mystic Bla  Conj/Tloc      42%        2d10      4%          4
 Manifold Assault         Tloc           23%        N/A       19%         4
 Storm Form               Tmut/Air       5%         N/A       100%        7


Dungeon Overview and Level Annotations

Branches:
Dungeon (6/15)             Temple (1/1) D:4

Altars:
Ashenzari
Cheibriados
Dithmenos
Elyvilon
Fedhas
Gozag
Hepliaklqana
Kikubaaqudgha
Makhleb
Nemelex Xobeh
Okawaru
Qazlal
Ru
Uskayaw
Vehumet
Wu Jian
Xom

Shops:
D:3 (

Annotations:
D:5 sirJeffrey23's ghost, novice DsFi
D:6 Bitman's ghost, novice HOMo; bmack86's ghost, amateur MiFi
Abyss:1 Banquo's ghost, novice DjAE


Innate Abilities, Weirdness & Mutations

You can breathe blasts of noxious fumes.
Your lurid green scales are hard. (AC +7)
You cannot fit into any form of body armour.
Your system is resistant to poisons. (rPois)
You are cold-blooded and may be slowed by cold attacks.


Message History

SirJeffrey23's ghost hits you.
SirJeffrey23's ghost attacks as you move away!
SirJeffrey23's ghost closely misses you.
SirJeffrey23's ghost attacks as you move away!
SirJeffrey23's ghost hits you.
SirJeffrey23's ghost attacks as you move away!
SirJeffrey23's ghost hits you!
* * * LOW HITPOINT WARNING * * *
There is a stone staircase leading up here.
SirJeffrey23's ghost makes a sound of rattling chains.
SirJeffrey23's ghost hits you.
* * * LOW HITPOINT WARNING * * *
You climb upwards.
There is a stone staircase leading down here.
SirJeffrey23's ghost barely misses you.
SirJeffrey23's ghost attacks as you move away!
SirJeffrey23's ghost hits you but does no damage.
SirJeffrey23's ghost attacks as you move away!
SirJeffrey23's ghost closely misses you.
SirJeffrey23's ghost attacks as you move away!
SirJeffrey23's ghost hits you.
* * * LOW HITPOINT WARNING * * *
SirJeffrey23's ghost attacks as you move away!
SirJeffrey23's ghost hits you.
* * * LOW HITPOINT WARNING * * *
SirJeffrey23's ghost attacks as you move away!
SirJeffrey23's ghost completely misses you.
There is a stone staircase leading up here.
Aiming: Mindburst
Press: ? - help, Shift-Dir - straight line, f - sirJeffrey23's ghost
Aim: sirJeffrey23's ghost (chance to affect: 35%) SirJeffrey23's ghost easily resists.
SirJeffrey23's ghost hits you.
* * * LOW HITPOINT WARNING * * *
Aiming: Phantom Mirror
Press: ? - help, Dir - move target, f/p - sirJeffrey23's ghost
Aim: sirJeffrey23's ghost You reflect sirJeffrey23's ghost with the mirror!
The mirror clouds!
SirJeffrey23's ghost hits you!
You die...
Your body disappears without a glow.

#....# #..) #....# ###'
#....# #[ #....# #.
#######....# ##.
#..........# #.)
###.###.#..#
#########.#
#.#[#WW..###..#......#
#.#..@#.##)'..#.....[#
#.#.###.#####'#......#
#.#.......#...#.....รท#
#.#####.#.#...#......#
#.........#...#......#
#######.###.#######'##
#.##....#.....#
#.##....#.....#
#.##....#.)...#


You could see sirJeffrey23's ghost (ally target) and the friendly sirJeffrey23's
ghost (summoned, drained).

Vanquished Creatures
  A troll (D:5)
  Sigmund (D:3)
  A steam dragon (D:5)
  A water moccasin (D:6)
  A black bear (D:6)
  An ice beast (D:5)
  2 ogres
  A sky beast (D:4)
  2 centaurs
  2 phantoms
  5 necrophages
  2 scorpions (D:4)
  A killer bee (D:4)
  A jelly (D:5)
  2 orc priests
  Crazy Yiuf (D:5)
  6 hounds
  6 iguanas
  An orc wizard (D:4)
  5 gnolls
  7 adders
  2 white imps
  2 ufetubi
  2 worms (D:2)
  4 dart slugs
  9 orcs
  5 bats
  An endoplasm (D:4)
  5 giant cockroaches
  9 goblins
  11 hobgoblins
  4 jackals
  7 quokkas
  4 ball pythons
  3 frilled lizards
  12 kobolds
  2 rats (D:2)
132 creatures vanquished.

Vanquished Creatures (others)
  18 fulminant prisms
  5 plants (D:6)
23 creatures vanquished.

Grand Total: 155 creatures vanquished

Notes
Turn   | Place    | Note
-------+----------+-------------------------------------------
     0 | D:1      | Farfigtubin the Draconian Conjurer began the quest for the
                  | Orb.
     0 | D:1      | Reached XP level 1. HP: 14/14 MP: 3/3
   229 | D:1      | Reached XP level 2. HP: 10/20 MP: 0/5
   479 | D:1      | Reached XP level 3. HP: 13/26 MP: 0/6
   783 | D:1      | Learned a level 2 spell: Searing Ray
  1784 | D:2      | Reached skill level 5 in Conjurations
  1784 | D:2      | Reached XP level 4. HP: 34/34 MP: 3/8
  2112 | D:3      | Noticed Sigmund
  2146 | D:4      | Found a staircase to the Ecumenical Temple.
  2146 | D:4      | Noticed a phantom
  2160 | D:4      | Killed a phantom
  2161 | D:4      | Reached XP level 5. HP: 29/39 MP: 6/9
  2164 | Temple   | Entered the Ecumenical Temple
  2577 | Temple   | Became a worshipper of Nemelex Xobeh the Trickster
  2627 | D:4      | Found a large runed translucent door.
  2627 | D:4      | Found a large runed translucent door.
  2648 | D:4      | Noticed an ogre
  2665 | D:4      | Killed an ogre
  2666 | D:4      | Reached XP level 6. HP: 44/46 MP: 9/11
  2732 | D:3      | Found Zaxzic's Antique Weapon Boutique.
  2956 | D:3      | Learned a level 2 spell: Blink
  3053 | D:3      | Killed Sigmund
  3054 | D:3      | Reached skill level 6 in Conjurations
  3408 | D:4      | Found a hazy altar of Hepliaklqana.
  3543 | D:4      | Found a large runed translucent door.
  3543 | D:4      | Found a large runed translucent door.
  3558 | D:4      | Your scales start taking on a lurid green colour.
  3558 | D:4      | Reached XP level 7. HP: 51/51 MP: 13/13
  3558 | D:4      | Gained mutation: Your system is resistant to poisons.
                  | (rPois) [Green Draconian growth]
  3566 | D:4      | Reached skill level 1 in Fighting
  3738 | D:4      | Reached skill level 1 in Translocations
  3906 | D:4      | Reached skill level 5 in Spellcasting
  4215 | D:4      | Reached skill level 7 in Conjurations
  4215 | D:4      | Reached XP level 8. HP: 38/59 MP: 10/16
  4320 | D:5      | Entered Level 5 of the Dungeon
  4663 | D:5      | Reached * piety under Nemelex Xobeh
  4708 | D:5      | Found a white marble altar of Elyvilon.
  4775 | D:5      | Found a stormy altar of Qazlal.
  5064 | D:5      | Found a runed translucent door.
  5065 | D:5      | Noticed Crazy Yiuf
  5075 | D:5      | Killed Crazy Yiuf
  5224 | D:5      | Noticed a troll
  5666 | D:5      | Learned a level 4 spell: Fulminant Prism
  5739 | D:5      | Killed a troll
  5740 | D:5      | Reached skill level 8 in Conjurations
  6045 | D:5      | Received a gift from Nemelex Xobeh
  6221 | D:6      | Reached XP level 9. HP: 67/67 MP: 15/19
  6316 | D:6      | Found an ornate altar of the Wu Jian Council.
  6316 | D:6      | Found a broken altar of Ashenzari.
  6744 | D:6      | Reached skill level 1 in Hexes
  7006 | D:6      | Found a runed translucent gate.
  7006 | D:6      | Found a runed translucent gate.
  7006 | D:6      | Found a runed translucent gate.
  7007 | D:6      | Noticed sirJeffrey23's ghost (novice DsFi)
  7007 | D:6      | Noticed Banquo's ghost (novice DjAE)
  7008 | D:6      | Noticed Bitman's ghost (novice HOMo)
  7008 | D:6      | Noticed bmack86's ghost (amateur MiFi)
  7048 | D:6      | Banished Banquo's ghost
  7127 | D:5      | Mangled by sirJeffrey23's ghost

Illustrated notes

Levels and vault maps discovered:
D:1:      psy_arrival_terrarium, layout_loops_ring
D:2:      layout_basic
D:3:      layout_basic, serial_shops, shop_statue, uniq_sigmund
D:4:      layout_rooms, nicolae_hepliaklqana_hippocampus,
          minmay_temple_entry_junction_2, st_stairs_7, kennysheep_cross_room,
          minmay_hollow_rounded_squares
D:5:      minmay_clustersquares, layout_basic, elyvilon_altar_5,
          nicolae_overflow_crystal_walls, uniq_crazy_yiuf_cottage
D:6:      layout_loops_ring, grunt_temple_overflow_open,
          gammafunk_ghost_cemetery, corner_web_ring, serial_bayou_crossing
Temple:   hc_temple_tempest_star

Skill      XL: |  1  2  3  4  5  6  7  8  9 |
---------------+----------------------------+-----
Stealth        | 2 3 |  3.5
Conjurations   | 5 6 7 8 |  8.8
Dodging        | 2 3 4 |  4.6
Spellcasting   | 3 4 5 6 7 |  7.5
Fighting       | 1 2 |  2.6
Translocations | 1 2 |  2.4
Hexes          | 1 |  1.7

Action                   |  1- 3 |  4- 6 |  7- 9 || total
-------------------------+-------+-------+-------++-------
Melee: Mace              |    16 |       |       ||    16
       Tailslap          |     1 |       |       ||     1
       Dagger            |     1 |       |       ||     1
       Short sword       |       |       |     1 ||     1
 Cast: Magic Dart        |    74 |    44 |    81 ||   199
       Searing Ray       |     3 |     9 |    48 ||    60
       Blink             |       |     4 |     4 ||     8
       Fulminant Prism   |       |       |    18 ||    18
Invok: Draw Escape       |       |       |     2 ||     2
       Draw Destruction  |       |       |     2 ||     2
       Draw Summoning    |       |       |     1 ||     1
 Abil: Breathe Noxious F |       |       |     3 ||     3
Evoke: Wand              |       |       |     1 ||     1
       Phantom mirror    |       |       |     1 ||     1
Armor: Skin              |    10 |    11 |    31 ||    52
Dodge: Dodged            |    27 |    20 |    69 ||   116

Table legend: (Time is in decaauts)
 A = Elapsed time spent in this place.
 B = Non-inter-level travel time spent in this place.
 C = Inter-level travel time spent in this place.
 D = Time resting spent in this place.
 E = Time spent auto-exploring this place.
 F = Levels seen in this place.
 G = Mean time per level.
                   A        B        C        D        E       F      G
               +--------+--------+--------+--------+--------+-----+--------+
         Total |   7149 |   7086 |     63 |   1767 |   1546 |   7 | 1021.3 |
       Dungeon |   6719 |   6656 |     63 |   1767 |   1546 |   6 | 1119.8 |
        Temple |    429 |    429 |      0 |      0 |      0 |   1 |  429.0 |
               +--------+--------+--------+--------+--------+-----+--------+

Top non-repeatable levels by time:
     D:5: 1893 daAuts
     D:4: 1261 daAuts
     D:1: 1207 daAuts
     D:6: 931 daAuts
     D:2: 751 daAuts
     D:3: 675 daAuts
  Temple: 429 daAuts
